 Dungeon Crawl Stone Soup version 0.31-b1-17-gcfd88c8481 (webtiles) character file.

Game seed: 16365375215749663753

136 Strat the Ruffian (level 5, -3/53 HPs)
             Began as an Oni Shapeshifter on Jan 16, 2024.
             Succumbed to a scorpion's poison
             ... on level 3 of the Dungeon.
             The game lasted 00:03:11 (1816 turns).

Strat the Ruffian (Oni Shapeshifter)                Turns: 1816, Time: 00:03:12

Health: -3/53      AC:  3    Str: 20    XL:     5   Next: 19%
Magic:  5/5        EV:  9    Int: 11    God:
Gold:   169        SH:  0    Dex:  8    Spells: 4/4 levels left

rFire   . .          .
                       - Unarmed
rCold   . . .        (no shield)
rNeg    . . .        a - +0 animal skin
rPois   .            (helmet currently unavailable)
rElec   .            (cloak currently unavailable)
rCorr   .            (gloves unavailable)
SInv    .            (boots unavailable)
Will    +....        (no amulet)
Stlth   +            (no ring)
HPRegen 0.28/turn    (no ring)
MPRegen 0.09/turn

%: no passive effects
@: mighty, lethally poisoned (-3 -> -16), beast-form, enlightened, flying
A: beast (slay +2), large, unfitting armour, horns 1, tough skin 1, double
potion healing, drunken brawling
a: Begin Untransformation


You were on level 3 of the Dungeon.
You were a hulking beast.
You visited 1 branch of the dungeon, and saw 3 of its levels.

You collected 169 gold pieces.

Inventory:

Missiles
 m - 3 javelins (quivered)
Armour
 a - a +0 animal skin (worn)
Talismans
 c - a beast talisman
 d - a flux talisman
Scrolls
 f - a scroll of poison {unknown}
 h - a scroll of enchant armour {unknown}
 j - 2 scrolls of fear {unknown}
 l - 4 scrolls of identify {unknown}
Potions
 b - a potion of lignification
 e - a potion of enlightenment
 i - a potion of magic {unknown}
 k - 4 potions of attraction {unknown}


   Skills:
 + Level 3.3 Fighting
 - Level 1.7 Dodging
 * Level 4.1 Unarmed Combat
 + Level 3.6 Shapeshifting


You had 4 spell levels left.
You didn't know any spells.
Your spell library was empty.

Dungeon Overview and Level Annotations

Branches:
Dungeon (3/15)

Altars:

Annotations:
D:3 Sigmund


Innate Abilities, Weirdness & Mutations

You are a hulking beast.
Your limbs bulge with bestial killing power. (Slay +2)
You are too large for most types of armour.
You have a pair of small horns on your head.
You have tough skin. (AC +1)
You gain doubled healing and magic from potions.
Whenever you drink a healing potion, you attack all around you.


Message History

The scorpion is moderately wounded.
You feel sick. The scorpion stings you.
* * * LOW HITPOINT WARNING * * *
You are more poisoned.
The scorpion poisons you!
You hit the scorpion. You headbutt the scorpion.
The scorpion is severely wounded.
You feel very sick. The scorpion stings you.
* * * LOW HITPOINT WARNING * * *
You are lethally poisoned!
The scorpion poisons you!
You hit the scorpion.
The scorpion is severely wounded.
* * * LOW HITPOINT WARNING * * *
You feel very sick. The scorpion barely misses you.
The scorpion closely misses you.
You barely miss the scorpion.
The scorpion is severely wounded.
* * * LOW HITPOINT WARNING * * *
You feel very sick. The scorpion stings you.
* * * LOW HITPOINT WARNING * * *
You are more poisoned.
The scorpion poisons you!
You hit the scorpion. You headbutt the scorpion.
You kill the scorpion!
* * * LOW HITPOINT WARNING * * *
You feel very sick.
Your Fighting skill increases to level 3!
Your Unarmed Combat skill increases to level 4!
You have reached level 5!
It was a potion of enlightenment.
You feel very buoyant.
You fly up into the air.
* * * LOW HITPOINT WARNING * * *
You feel very sick.
It was a potion of might.
You feel very mighty all of a sudden.
You die...

.. ... .. ... P# #P# #
......# .#.#.# ....
###P###P### #PP.P_.h..#
###P###.### #.........#
#. #P#.#.#.#P#
#.##.#......P..# #
.....###.###.### .####
.##...#.........#......
..............)...#
#.....#..........#


There were no monsters in sight!

Vanquished Creatures
  A scorpion (D:3)
  A gnoll (D:3)
  An adder (D:2)
  A ribbon worm (D:2)
  An orc (D:3)
  2 bats
  4 endoplasms (D:2)
  3 giant cockroaches
  3 goblins (D:2)
  8 hobgoblins
  5 kobolds
  5 quokkas
  11 ball pythons
  7 rats
53 creatures vanquished.

Notes
Turn   | Place    | Note
-------+----------+-------------------------------------------
     0 | D:1      | Strat the Oni Shapeshifter began the quest for the Orb.
     0 | D:1      | Reached XP level 1. HP: 19/19 MP: 1/1
    93 | D:1      | Reached XP level 2. HP: 9/28 MP: 2/2
    98 | D:1      | Reached skill level 3 in Unarmed Combat
   571 | D:2      | Reached XP level 3. HP: 35/35 MP: 3/3
  1325 | D:2      | Reached XP level 4. HP: 44/44 MP: 4/4
  1511 | D:3      | Noticed Sigmund
  1795 | D:3      | Found a faded altar of an unknown god.
  1797 | D:3      | Noticed a scorpion
  1814 | D:3      | Killed a scorpion
  1815 | D:3      | Reached skill level 4 in Unarmed Combat
  1815 | D:3      | Reached XP level 5. HP: 4/53 MP: 5/5
  1815 | D:3      | HP: 1/53 [poisoned by a scorpion]
  1816 | D:3      | Succumbed to a scorpion's poison

Illustrated notes

Levels and vault maps discovered:
D:1:      dpeg_arrival_pits, layout_rooms
D:2:      layout_loops_corners
D:3:      layout_basic, shapermc_ecumenical_altar_mp_urbaneastern, uniq_sigmund

Skill      XL: |  1  2  3  4 |
---------------+-------------+-----
Unarmed Combat | 3 4 |  4.1
Fighting       | 2 3 |  3.3
Dodging        | |  1.7
Shapeshifting  | |  3.6

Action                     |  1- 3 |  4- 6 || total
---------------------------+-------+-------++-------
  Melee: Unarmed           |   110 |    47 ||   157
         Headbutt          |     6 |     9 ||    15
         Punch             |     1 |     2 ||     3
    Use: Potion            |       |     2 ||     2
 Armour: Animal skin       |    86 |    30 ||   116
  Dodge: Dodged            |    56 |    16 ||    72
